 Dungeon Crawl Stone Soup version 0.20.1-1-g8b1a95d66d (webtiles) character file.

3556 Popi the Carver (level 10, 0/69 HPs)
             Began as a Human Fighter on Dec 18, 2017.
             Was a Believer of the Shining One.
             Killed by divine providence
             ... invoked by an orc priest
              (11 damage)
             ... on level 8 of the Dungeon.
             The game lasted 00:17:15 (7402 turns).

Popi the Carver (Human Fighter)                     Turns: 7402, Time: 00:17:15

Health: 0/69       AC: 22    Str: 32      XL:     10   Next: 30%
Magic:  10/10      EV: 11    Int: 11 (12) God:    the Shining One [**....]
Gold:   486        SH:  0    Dex: 12 (13) Spells: 9/9 levels left

rFire    . . .     SeeInvis .   a - +1 long sword
rCold    . . .     Gourm    +   (no shield)
rNeg     + . .     Faith    .   D - +8 chain mail of Fuika {-Cast Str+10 Int+4}
rPois    .         Spirit   .   p - +2 hat
rElec    .         Reflect  .   (no cloak)
rCorr    .         Harm     .   (no gloves)
MR       .....     Rnd*Rage +   m - +0 pair of boots Stlth ..........NoCast +
                                o - amulet of the gourmand
Regen    0.3/turn               y - +2 ring of strength
MPRegen  0.2/turn               h - ring of loudness (curse)

@: glowing
A: horns 1, berserk 1, deterioration 1, frail 1
a: Divine Shield, Renounce Religion


You were on level 8 of the Dungeon.
You worshipped the Shining One.
The Shining One was pleased with you.
You were very full.

You visited 2 branches of the dungeon, and saw 9 of its levels.

You collected 486 gold pieces.

Inventory:

Hand Weapons
 a - a +1 long sword (weapon)
Armour
 b - a +0 pair of boots
 g - a +0 plate armour
 m - a +0 pair of boots (worn)
 p - a +2 hat (worn)
 A - a +0 helmet
 D - the +8 chain mail of Fuika (worn) {-Cast Str+10 Int+4}
   (You found it on level 8 of the Dungeon)

   It affects your strength (+10).
   It affects your intelligence (+4).
   It prevents spellcasting.
Jewellery
 h - a cursed ring of loudness (right hand)
 o - an amulet of the gourmand (around neck)
 t - an uncursed ring of resist corrosion
 u - an uncursed amulet of faith
 y - a +2 ring of strength (left hand)
Wands
 j - a wand of confusion (27/48)
 l - a wand of flame (46/48)
 s - a wand of flame (8/48)
 B - a wand of confusion (26/48)
Scrolls
 e - 3 scrolls of recharging
 k - 4 scrolls of identify
 q - a scroll of enchant weapon
 r - 3 scrolls of remove curse
 v - a scroll of fear {unknown}
 w - a scroll of random uselessness {unknown}
 z - a scroll of teleportation
 C - a scroll of fog {unknown}
Potions
 d - a potion of might
 i - a potion of curing
 x - a potion of invisibility {unknown}
Comestibles
 c - 5 royal jellies
 f - 5 bread rations
 n - 3 meat rations


   Skills:
 + Level 6.5 Fighting
 + Level 9.5 Long Blades
 + Level 7.5 Armour
 + Level 5.3 Dodging
   Level 3.0 Shields
 + Level 0.8 Evocations


You had 9 spell levels left.
You didn't know any spells.

Dungeon Overview and Level Annotations

Branches:
Dungeon (8/15)             Temple (1/1) D:5
   Lair: D:8-11

Altars:
Ashenzari
Cheibriados
Dithmenos
Elyvilon
Fedhas
Gozag
Hepliaklqana
Kikubaaqudgha
Makhleb
Nemelex Xobeh
Okawaru
Qazlal
Ru
Sif Muna
Trog
Uskayaw
Vehumet
Xom
Yredelemnul
Zin
The Shining One

Shops:
D:5 [

Annotations:
D:5 Sigmund


Innate Abilities, Weirdness & Mutations

You have a pair of small horns on your head.
You tend to lose your temper in combat.
Your body sometimes deteriorates upon taking damage.
You are frail. (-10% HP)


Message History

* * * LOW HITPOINT WARNING * * *
Your body deteriorates!
You feel clumsy.
You slash the orc wizard!
You kill the orc wizard!
The orc closely misses you.
You hit the orc.
You kill the orc!
You hit the orc priest.
You headbutt the orc priest, but do no damage.
The orc priest is moderately wounded.
The orc priest misses you.
You hit the orc priest.
The orc priest is heavily wounded.
The orc priest hits you but does no damage.
Your chain mail of Fuika prevents you from hitting the orc priest.
You headbutt the orc priest, but do no damage.
The orc priest is heavily wounded.
The orc priest calls down the wrath of Beogh upon you.
Beogh smites you!
You die...

.....#....##.#+#....#.....#.##.#
.....#....##.#.#.........##.##.#
..... ...........##...##.##.##.#
######.#.#.##...'...#.####
####.#.#.##...##..#.#
.....#.#.##.......#.# .
....o......#.......# ..
......#.#)#........# .o.
......#.#@#.#........ ....
#######+#o#...........
o....###....o..oo............
....Fo.......................
.......)..........<.........
########...................
#.................
#........##+###.. #........# ..


You could see an orc priest and 2 orcs.

Vanquished Creatures
  A two-headed ogre (D:8)
  Pikel (D:5)
  The ghost of jesusflecha the Cudgeler, a novice GrFi (D:6)
  Eustachio (D:6)
  2 orc warriors
  A phantom (D:7)
  A sky beast (D:5)
  A black bear (D:7)
  3 ogres
  2 centaurs
  2 bullfrogs
  A big kobold (D:7)
  A scorpion (D:3)
  A howler monkey (D:4)
  A crimson imp (D:8)
  3 hounds
  5 orc priests
  A bullfrog skeleton (D:5)
  A jelly (D:5)
  5 orc wizards
  3 iguanas
  Ijyb (D:5)
  4 worker ants
  A killer bee zombie (D:6)
  4 hound skeletons
  3 adders
  4 gnolls
  10 dart slugs
  6 leopard geckos
  18 orcs
  A ball python (D:2)
  10 bats
  8 giant cockroaches
  9 hobgoblins
  5 jackals (D:2)
  14 kobolds
  4 quokkas
  A ball python skeleton (D:4)
  3 frilled lizards
  16 goblins
  A jackal skeleton (D:4)
  A leopard gecko skeleton (D:4)
  2 quokka skeletons
  11 rats
175 creatures vanquished.

Vanquished Creatures (others)
  A slave (D:5)
  A hound (D:5)
  An adder skeleton (D:5)
  An orc (D:5)
  A quokka zombie (D:5)
  2 plants (D:6)
7 creatures vanquished.

Grand Total: 182 creatures vanquished

Notes
Turn   | Place    | Note
-------+----------+-------------------------------------------
     0 | D:1      | Popi the Human Fighter began the quest for the Orb.
     0 | D:1      | Reached XP level 1. HP: 18/18 MP: 1/1
   151 | D:1      | Reached XP level 2. HP: 23/24 MP: 2/2
   435 | D:1      | Reached XP level 3. HP: 10/29 MP: 3/3
   786 | D:1      | You fall through a shaft!
   794 | D:2      | Found a snail-covered altar of Cheibriados.
   795 | D:2      | Found an iron altar of Okawaru.
  1045 | D:2      | Reached skill level 1 in Dodging
  1045 | D:2      | Reached XP level 4. HP: 30/37 MP: 4/4
  1511 | D:2      | Reached XP level 5. HP: 41/42 MP: 5/5
  1557 | D:2      | Reached skill level 3 in Long Blades
  1879 | D:2      | Found a shadowy altar of Dithmenos.
  2654 | D:3      | Gained mutation: You are partially covered in thin metallic scales. (AC +2) [potion of mutation]
  2654 | D:3      | Gained mutation: You are partially covered in molten scales. (AC +2) [potion of mutation]
  2656 | D:3      | Lost mutation: You are partially covered in thin metallic scales. (AC +2) [potion of mutation]
  2656 | D:3      | Lost mutation: You are partially covered in molten scales. (AC +2) [potion of mutation]
  2656 | D:3      | Gained mutation: You are frail. (-10% HP) [potion of mutation]
  2656 | D:3      | Gained mutation: You have a pair of small horns on your head. [potion of mutation]
  2667 | D:3      | Reached XP level 6. HP: 15/43 MP: 6/6
  3278 | D:4      | Reached skill level 4 in Long Blades
  3548 | D:4      | Found a radiant altar of Vehumet.
  4108 | D:5      | Entered Level 5 of the Dungeon
  4158 | D:5      | Found a staircase to the Ecumenical Temple.
  4207 | D:5      | Noticed Ijyb
  4216 | D:5      | Killed Ijyb
  4251 | Temple   | Entered the Ecumenical Temple
  4296 | Temple   | Became a worshipper of the Shining One
  4327 | D:5      | Reached XP level 7. HP: 46/49 MP: 7/7
  4634 | D:5      | Found Kigid's Antique Armour Shop.
  4815 | D:5      | Noticed Pikel
  4833 | D:5      | Killed Pikel
  4833 | D:5      | Reached skill level 5 in Long Blades
  4833 | D:5      | Reached skill level 5 in Armour
  4833 | D:5      | Reached XP level 8. HP: 18/54 MP: 8/8
  5011 | D:5      | Reached skill level 6 in Long Blades
  5015 | D:5      | Gained mutation: Your body sometimes deteriorates upon taking damage. [mutagenic meat]
  5016 | D:5      | Gained mutation: You tend to lose your temper in combat. [mutagenic meat]
  5139 | D:5      | Found a stormy altar of Qazlal.
  5162 | D:5      | Noticed Sigmund
  5248 | D:6      | Reached skill level 5 in Fighting
  5319 | D:6      | Reached * piety under the Shining One
  5350 | D:6      | Reached XP level 9. HP: 47/61 MP: 9/9
  5358 | D:6      | Noticed a dagger
  5359 | D:6      | Noticed a hand axe
  5361 | D:6      | Found a hide-covered altar of Uskayaw.
  5372 | D:6      | Noticed Eustachio
  5385 | D:6      | Killed Eustachio
  5385 | D:6      | Reached skill level 7 in Long Blades
  5511 | D:6      | Found a blossoming altar of Fedhas.
  5723 | D:6      | Noticed jesusflecha's ghost (novice GrFi)
  6029 | D:6      | Killed jesusflecha's ghost
  6029 | D:6      | Reached skill level 5 in Dodging
  6349 | D:7      | Reached ** piety under the Shining One
  6482 | D:7      | Reached skill level 8 in Long Blades
  6573 | D:7      | Found a blossoming altar of Fedhas.
  7183 | D:8      | Reached XP level 10. HP: 25/68 MP: 10/10
  7194 | D:8      | Found a hazy altar of Hepliaklqana.
  7263 | D:8      | Noticed a two-headed ogre
  7287 | D:8      | Killed a two-headed ogre
  7287 | D:8      | Reached skill level 9 in Long Blades
  7352 | D:8      | Got a dazzling chain mail
  7363 | D:8      | Identified the +8 chain mail of Fuika {-Cast Str+10 Int+4} (You found it on level 8 of the Dungeon)
  7402 | D:8      | Killed from afar by an orc priest

Skill      XL: |  1  2  3  4  5  6  7  8  9 10 |
---------------+-------------------------------+-----
Dodging        | 1 2 3 4 5 |  5.3
Long Blades    | 3 4 5 6 8 9 |  9.5
Fighting       | 4 5 6 |  6.5
Armour         | 4 5 7 |  7.5
Shields        | |  3.0
Evocations     | |  0.8

Action                   |  1- 3 |  4- 6 |  7- 9 | 10-12 || total
-------------------------+-------+-------+-------+-------++-------
Melee: Long sword        |   100 |   251 |   218 |    32 ||   601
       Headbutt          |       |    16 |    54 |    14 ||    84
Evoke: Wand              |       |       |     2 |       ||     2
  Use: Potion            |       |     8 |       |       ||     8
       Scroll            |       |     8 |       |       ||     8
  Eat: Chunk             |       |    13 |    16 |     2 ||    31
Armor: Scale mail        |    44 |       |       |       ||    44
       Plate armour      |    60 |   206 |   147 |    10 ||   423
       Chain mail        |       |       |       |     6 ||     6
Dodge: Dodged            |    58 |    77 |    77 |    17 ||   229
       Rpst.: Long sword |    18 |    22 |    30 |     4 ||    74
